 Dungeon Crawl Stone Soup version 0.29-a0-206-g4a66f2e2b5 (webtiles) character file.

Game seed: 2150558890918260821

1036 Hasart the Shooter (level 7, -1/59 HPs)
             Began as a Demigod Hunter on Feb 23, 2022.
             Slain by a killer bee (8 damage)
             ... on level 6 of the Dungeon.
             The game lasted 00:06:43 (5376 turns).

Hasart the Shooter (Demigod Hunter)                 Turns: 5376, Time: 00:06:44

Health: -1/59      AC:  4    Str: 13    XL:     7   Next: 73%
Magic:  9/9        EV: 14    Int: 13    God:
Gold:   200        SH:  0    Dex: 22    Spells: 6/6 levels left

rFire   . . .      SeeInvis .   a - +1 shortbow
rCold   . . .      Faith    .   (shield currently unavailable)
rNeg    . . .      Spirit   .   v - +0 troll leather armour
rPois   +          Reflect  .   (no helmet)
rElec   .          Harm     .   (no cloak)
rCorr   .          Rampage  .   (no gloves)
Will    .....                   (no boots)
Stlth   +++.......              (no amulet)
HPRegen 0.99/turn               o - ring of flight
MPRegen 0.11/turn               p - ring of poison resistance

@: flying, invisible
A: high MP 1, forlorn, divine attributes
a: no special abilities


You were on level 6 of the Dungeon.
You visited 1 branch of the dungeon, and saw 8 of its levels.

You collected 200 gold pieces.

Inventory:

Hand Weapons
 a - a +1 shortbow (weapon)
Armour
 b - a +0 leather armour
 v - a +0 troll leather armour (worn)
Jewellery
 o - a ring of flight (left hand)
 p - a ring of poison resistance (right hand)
 r - a ring of see invisible
Scrolls
 c - 3 scrolls of fear {unknown}
 e - a scroll of noise {unknown}
 f - 6 scrolls of identify {unknown}
 g - a scroll of enchant armour {unknown}
 h - a scroll of enchant weapon {unknown}
 i - 2 scrolls of immolation {unknown}
 j - 2 scrolls of acquirement {unknown}
 k - 2 scrolls of magic mapping {unknown}
 l - 3 scrolls of fog {unknown}
 q - 4 scrolls of teleportation {unknown}
 s - a scroll of vulnerability {unknown}
Potions
 d - a potion of heal wounds {unknown}
 m - a potion of might {unknown}
 n - a potion of degeneration {unknown}
 t - a potion of invisibility
 u - a potion of flight {unknown}
 w - a potion of mutation {unknown}


   Skills:
 + Level 4.1 Fighting
 * Level 6.5 Bows
 + Level 4.1 Dodging
 + Level 4.1 Stealth


You had 6 spell levels left.
You didn't know any spells.
Your spell library contained the following spells:

 Spells                   Type           Power      Damage    Failure   Level
 Fulminant Prism          Conj/Hex       0%         3d6       98%         4
 Iskenderun's Mystic Bla  Conj/Tloc      0%         2d3       98%         4
 Lee's Rapid Deconstruct  Erth           0%         3d5*      100%        5


Dungeon Overview and Level Annotations

Branches:
Dungeon (8/15)             Temple (0/1) D:4
   Lair: D:8-11

Annotations:
D:5 Dowan, Duvessa
D:7 Joseph


Innate Abilities, Weirdness & Mutations

You have an increased reservoir of magic. (+10% MP)
You shall have no god before yourself.
Your divine heritage dramatically boosts your attributes as you level up.


Message History

You feel sick. The killer bee barely misses you.
The killer bee closely misses you.
You shoot an arrow. The arrow misses the killer bee.
You feel sick. The killer bee stings you! The killer bee closely misses you.
The killer bee barely misses you.
You shoot an arrow. The arrow hits the killer bee!
The killer bee is heavily wounded.
You feel sick.
You are no longer poisoned.
The killer bee stings you. The killer bee misses you.
You are too injured to fight recklessly!
You are too injured to fight recklessly!
You are too injured to fight recklessly!
You are too injured to fight recklessly!
Shoot: a) +1 shortbow
Press: ? - help, Q - select action Shift-Dir - straight line, f/p - killer bee
Aim: a killer bee (heavily wounded, 47% to hit)
You shoot an arrow. The arrow hits the killer bee.
The killer bee is severely wounded.
The killer bee stings you! The killer bee stings you.
* * * LOW HITPOINT WARNING * * *
The killer bee stings you.
* * * LOW HITPOINT WARNING * * *
Shoot: a) +1 shortbow
Press: ? - help, Q - select action Shift-Dir - straight line, f/p - killer bee
Aim: a killer bee (severely wounded, 47% to hit)
You shoot an arrow. The arrow misses the killer bee.
The killer bee stings you.
* * * LOW HITPOINT WARNING * * *
The killer bee stings you.
* * * LOW HITPOINT WARNING * * *
Shoot: a) +1 shortbow
Press: ? - help, Shift-Dir - straight line, f/p - killer bee
Aim: a killer bee (severely wounded, 47% to hit)
You aren't carrying any items that you can evoke.
Unknown command.
It was a potion of invisibility.
You fade into invisibility!
The killer bee misses you. The killer bee stings you!
You die...

.............##....#
..............#....#
..)...#######.#..(.#
......# #......#
.....##
##.....##############
....##
##..................#
...##
#....########.#####.#
..## #....# #..# #..
.## #...@# ##.# ##.
## #..y.# ##.####.. #
#....# #..§§§...
#..(.# #.≈.§§§.§
#....# #.§.§.≈§≈
#....# #.§§≈§≈§≈
#...)# #..§§.§§≈
####(# ######._......
#.###........≈.§.≈


You could see a killer bee.

Vanquished Creatures
  A steam dragon (D:6)
  An ogre (D:4)
  A centaur (D:5)
  A kobold brigand (D:6)
  Blork the orc (D:6)
  A water moccasin zombie (D:5)
  3 howler monkeys
  A bullfrog zombie (D:6)
  A hound (D:5)
  2 jellies
  Jessica (D:3)
  2 iguanas (D:6)
  An orc wizard (D:5)
  A hound skeleton (D:4)
  A howler monkey skeleton (D:5)
  9 adders
  A white imp (D:6)
  An ufetubus (D:4)
  An adder skeleton (D:5)
  A worm (D:2)
  2 dart slugs
  3 orcs (D:5)
  3 endoplasms
  6 giant cockroaches
  6 goblins
  8 hobgoblins
  8 jackals (D:1)
  5 quokkas
  6 ball pythons
  7 bats
  6 frilled lizards
  11 kobolds
  5 rats
108 creatures vanquished.

Notes
Turn   | Place    | Note
-------+----------+-------------------------------------------
     0 | D:1      | Hasart the Demigod Hunter began the quest for the Orb.
     0 | D:1      | Reached XP level 1. HP: 17/17 MP: 3/3
    27 | D:1      | Reached skill level 1 in Stealth
   238 | D:1      | Reached XP level 2. HP: 24/24 MP: 4/4
   454 | D:1      | Reached skill level 4 in Bows
   574 | D:1      | Reached XP level 3. HP: 29/29 MP: 5/5
  1350 | D:2      | Reached XP level 4. HP: 36/37 MP: 6/6
  2469 | D:3      | Noticed an ogre
  2522 | D:4      | Found a staircase to the Ecumenical Temple.
  2664 | D:4      | Noticed an ogre
  2676 | D:5      | Entered Level 5 of the Dungeon
  2676 | D:5      | Noticed a centaur
  2683 | D:5      | Killed a centaur
  2684 | D:5      | Reached XP level 5. HP: 34/44 MP: 7/7
  2858 | D:5      | Noticed Dowan
  2862 | D:5      | Noticed Duvessa
  2998 | D:3      | Noticed Jessica
  3005 | D:3      | Killed Jessica
  3006 | D:3      | Reached skill level 5 in Bows
  3589 | D:4      | Killed an ogre
  3590 | D:4      | Reached XP level 6. HP: 38/51 MP: 8/8
  4572 | D:6      | Reached XP level 7. HP: 57/57 MP: 9/9
  4714 | D:6      | Noticed a steam dragon
  4724 | D:6      | Killed a steam dragon
  4725 | D:6      | Reached skill level 6 in Bows
  4976 | D:6      | Noticed Blork the orc
  4981 | D:6      | Killed Blork the orc
  5240 | D:7      | Noticed Joseph
  5376 | D:6      | Slain by a killer bee

Illustrated notes

Levels and vault maps discovered:
D:1:      minmay_arrival_semitransparent, layout_basic
D:2:      layout_loops_corners, serial_glass, glass_columns_b, glass_columns_a,
          glass_columns_c, glass_columns_a, corexii_shack
D:3:      layout_loops_corners, uniq_jessica
D:4:      layout_cave_pools, minmay_temple_entry_overgrown
D:5:      layout_gridville, uniq_duvessa
D:6:      layout_basic, mainiacjoe_overflow_large_starburst, uniq_blork_the_orc
D:7:      layout_layer_cave, tgw_fedhas, uniq_joseph, uniq_menkaure
D:8:      layout_cave_pools, nicolae_tso_besieged_by_evil,
          nicolae_overflow_hidden_temple, ebering_ghost_inner_flame

Skill      XL: |  1  2  3  4  5  6  7 |
---------------+----------------------+-----
Stealth        | 1 2 3 4 |  4.1
Dodging        | 2 3 4 |  4.1
Fighting       | 2 3 4 |  4.1
Bows           | 4 5 6 |  6.5

Action                   |  1- 3 |  4- 6 |  7- 9 || total
-------------------------+-------+-------+-------++-------
 Fire: Shortbow          |   125 |   174 |    72 ||   371
  Use: Potion            |       |       |     1 ||     1
Armor: Leather armour    |    15 |    13 |     5 ||    33
       Troll leather arm |       |       |     9 ||     9
Dodge: Dodged            |    26 |    50 |    40 ||   116

Table legend: (Time is in decaauts)
 A = Elapsed time spent in this place.
 B = Non-inter-level travel time spent in this place.
 C = Inter-level travel time spent in this place.
 D = Time resting spent in this place.
 E = Time spent auto-exploring this place.
 F = Levels seen in this place.
 G = Mean time per level.
                   A        B        C        D        E       F      G
               +--------+--------+--------+--------+--------+-----+--------+
         Total |   5493 |   5245 |    248 |     47 |   4388 |   8 |  686.6 |
       Dungeon |   5493 |   5245 |    248 |     47 |   4388 |   8 |  686.6 |
               +--------+--------+--------+--------+--------+-----+--------+

Top non-repeatable levels by time:
     D:3: 1208 daAuts
     D:2: 1203 daAuts
     D:6: 941 daAuts
     D:5: 821 daAuts
     D:1: 817 daAuts
     D:4: 475 daAuts
     D:7: 21 daAuts
     D:8: 4 daAuts
